 Seeded DCSS version 0.28.0-53-g5a82cb258f (webtiles) character file.

Game seed: 10018966548579953305 (custom seed)

9284 Kranky the Cleaver (level 11, -2/81 HPs)
             Began as an Octopode Fighter on June 20, 2022.
             Was an Elder of Okawaru.
             Slain by a water moccasin (6 damage)
             ... on level 10 of the Dungeon.
             The game lasted 00:23:23 (9524 turns).

Kranky the Cleaver (Octopode Fighter)               Turns: 9524, Time: 00:23:25

Health: -2/81      AC:  5    Str: 16    XL:     11   Next: 44%
Magic:  20/20      EV: 15    Int: 10    God:    Okawaru [****..]
Gold:   604        SH:  7    Dex: 16    Spells: 10/10 levels left

rFire   . . .      SeeInvis +   k - +7 war axe of the Silent Majority {spect, rElec rC- rN++ Will+}
rCold   x . .      Faith    .   b - +1 buckler
rNeg    + + .      Spirit   .   (helmet restricted)
rPois   +          Reflect  .   (no amulet)
rElec   +          Harm     .   p - ring of see invisible
rCorr   .          Rampage  .   u - ring of flight
Will    ++...                   E - ring of poison resistance
Stlth   +++.......              G - +4 ring of protection
HPRegen 0.23/turn               K - ring of magical power
MPRegen 0.17/turn               V - ring of willpower
                                (no ring)
                                (no ring)

@: lethally poisoned (-2 -> -11), flying
A: almost no armour, amphibious, 8 rings, camouflage 1, gelatinous body 1,
(nimble swimmer 1), tentacles
a: Renounce Religion, Heroism, Finesse


You were on level 10 of the Dungeon.
You worshipped Okawaru.
Okawaru was greatly pleased with you.
You visited 2 branches of the dungeon, and saw 11 of its levels.
You also visited: Sewer and Ossuary.

You collected 604 gold pieces.

Inventory:

Hand Weapons
 a - a +0 flail
 k - the +7 war axe of the Silent Majority (weapon) {spect, rElec rC- rN++ Will+}
   (You found it on level 2 of the Dungeon)

   When its wielder attacks, the weapon's spirit leaps out and strikes again.
   The spirit shares a part of any damage it takes with its wielder.
   rC:        It makes you vulnerable to cold.
   rElec:     It insulates you from electricity.
   rN:        It greatly protects you from negative energy.
   Will:      It increases your willpower.
Missiles
 d - 21 poisoned darts (quivered)
 O - 2 throwing nets
 S - a curare-tipped dart
Armour
 b - a +1 buckler (worn)
Jewellery
 p - a ring of see invisible (left tentacle)
 u - a ring of flight (right tentacle)
 E - a ring of poison resistance (on tentacle)
 G - a +4 ring of protection (on tentacle)
 K - a ring of magical power (on tentacle)
 V - a ring of willpower (on tentacle)
Wands
 m - a wand of paralysis (18)
 v - a wand of flame (29)
 L - a wand of charming (15)
 P - a wand of iceblast (22)
 R - a wand of digging (7)
 T - a wand of polymorph (13)
Scrolls
 h - a scroll of fog
 i - 10 scrolls of identify
 j - 3 scrolls of magic mapping {unknown}
 n - 3 scrolls of enchant armour
 o - a scroll of torment {unknown}
 q - 7 scrolls of teleportation
 r - 2 scrolls of brand weapon {unknown}
 w - a scroll of holy word {unknown}
 y - a scroll of noise {unknown}
 z - a scroll of silence {unknown}
 B - 3 scrolls of fear {unknown}
 I - a scroll of immolation {unknown}
 J - 2 scrolls of enchant weapon {unknown}
 M - a scroll of blinking {unknown}
 N - a scroll of amnesia {unknown}
 Q - a scroll of summoning {unknown}
Potions
 c - 4 potions of might
 e - 3 potions of curing
 f - 2 potions of cancellation {unknown}
 g - 2 potions of haste
 l - 4 potions of heal wounds {unknown}
 s - 4 potions of flight {unknown}
 t - 3 potions of attraction {unknown}
 x - 4 potions of lignification {unknown}
 A - a potion of brilliance {unknown}
 C - 2 potions of resistance
 D - a potion of mutation {unknown}
 F - a potion of magic {unknown}
 H - a potion of invisibility {unknown}
 U - 2 potions of berserk rage {unknown}


   Skills:
 - Level 10.0 Fighting
 - Level 10.9(11.0) Axes
 - Level 2.0(7.1) Maces & Flails
 - Level 6.0 Dodging
 - Level 3.0 Stealth
 - Level 8.0 Shields
 * Level 4.4 Evocations


You had 10 spell levels left.
You didn't know any spells.
Your spell library contained the following spells:

 Spells                   Type           Power      Damage    Failure   Level
 Foxfire                  Conj/Fire      0%         2x1d4     43%         1
 Sublimation of Blood     Necr           0%         N/A       56%         2
 Conjure Flame            Conj/Fire      0%         6-21      80%         3
 Inner Flame              Hex/Fire       0%         N/A       80%         3
 Flame Wave               Conj/Fire      0%         2d4       99%         4
 Petrify                  Tmut/Erth      0%         N/A       99%         4
 Irradiate                Conj/Tmut      0%         3d13      100%        5
 Borgnjor's Revivificati  Necr           0%         N/A       100%        8
 Necromutation            Tmut/Necr      0%         N/A       100%        8
 Death's Door             Necr           0%         N/A       100%        9


Dungeon Overview and Level Annotations

Branches:
Dungeon (10/15)            Temple (1/1) D:6            Lair (0/6) D:10
  Sewer (visited)         Ossuary (visited)
    Orc: D:9-12

Altars:
Ashenzari
Cheibriados
Dithmenos
Elyvilon
Fedhas
Gozag
Hepliaklqana
Kikubaaqudgha
Makhleb
Nemelex Xobeh
Okawaru
Qazlal
Ru
Sif Muna
Trog
Uskayaw
Vehumet
Wu Jian
Xom
Yredelemnul
Zin
The Shining One

Shops:
D:1 [


Innate Abilities, Weirdness & Mutations

You cannot wear most types of armour.
You are amphibious.
You can wear up to eight rings at the same time.
Your skin changes colour to match your surroundings (Stealth+).
Your rubbery body absorbs attacks. (AC +1, EV +1)
((You are camouflaged when in or above water. (Stealth+)))
You have tentacles for arms and can constrict up to eight enemies at once.


Message History

You kill the centaur!
Okawaru accepts your kill.
Your +7 war axe of the Silent Majority {spect, rElec rC- rN++ Will+} hits the water moccasin!
You constrict the water moccasin.
The water moccasin bites your +7 war axe of the Silent Majority {spect, rElec rC- rN++ Will+}.
Your spectral weapon shares its damage with you!
* * * LOW HITPOINT WARNING * * *
Your Evocations skill increases to level 4!
You slash the water moccasin!
You kill the water moccasin!
Okawaru accepts your kill.
You hit the wraith but do no damage.
Your +7 war axe of the Silent Majority {spect, rElec rC- rN++ Will+} hits the wraith!
You block the wraith's attack.
A black bear comes into view.
You hit the wraith.
You squeeze the wraith, but do no damage.
The wraith is almost destroyed.
Your +7 war axe of the Silent Majority {spect, rElec rC- rN++ Will+} hits the wraith!
You destroy the wraith!
Okawaru accepts your kill.
A nearby plant withers and dies.
You are no longer corroded.
The howler monkey hoots and howls with incredible vigour!
You hear an angry growl.
You hear a shout!
You hear a bellow!
You feel like a meek peon again.
The howler monkey hoots and howls with incredible vigour!
You hear a shout!
The water moccasin bites you.
* * * LOW HITPOINT WARNING * * *
You are lethally poisoned!
The water moccasin poisons you!
There is a stone staircase leading up here.
You closely miss the water moccasin. Your grab misses the water moccasin.
You squeeze the water moccasin!
The water moccasin is heavily wounded.
* * * LOW HITPOINT WARNING * * *
You feel very sick. The water moccasin bites you.
You die...

### #@# #S# #.# #.#
###########h#####
................#
................#######
.......<..............#
......................##


You could see a water moccasin and a howler monkey.

Vanquished Creatures
  Harold (D:7)
  3 two-headed ogres
  Joseph (D:10)
  Maggie (D:7)
  A wraith (D:10)
  Eustachio (D:5)
  2 steam dragons
  4 water moccasins
  An acid dragon (D:10)
  Duvessa (D:7)
  2 orc warriors (D:9)
  3 ice beasts
  4 hornet zombies
  A necrophage (D:4)
  A sky beast (D:6)
  2 ogres
  5 centaurs
  A phantom (D:7)
  4 kobold brigands
  Blork the orc (D:5)
  A gnoll sergeant (D:9)
  7 bullfrogs
  A scorpion (D:5)
  2 wyvern zombies (Ossuary)
  6 water moccasin zombies
  A wyvern skeleton (D:5)
  Dowan (D:7)
  6 killer bees (D:8)
  3 wights (D:9)
  A howler monkey (D:10)
  2 electric eels (D:7)
  3 centaur zombies
  4 bullfrog zombies (Ossuary)
  6 jellies
  4 orc priests
  2 hounds
  2 bullfrog skeletons
  A centaur skeleton (D:4)
  4 iguanas
  15 mummies (Ossuary)
  Terence (D:2)
  Ijyb (D:3)
  4 orc wizards
  3 killer bee zombies (Ossuary)
  A hound skeleton (D:4)
  2 howler monkey zombies (Ossuary)
  5 gnolls
  13 adders
  A river rat (Sewer)
  A shadow imp (D:7)
  An ufetubus (D:4)
  A worm (Sewer)
  2 dart slugs
  21 orcs
  8 bats
  14 endoplasms
  7 giant cockroaches
  11 goblins
  10 hobgoblins
  21 kobolds
  4 quokkas
  10 ball pythons
  5 frilled lizards
  3 rats
262 creatures vanquished.

Vanquished Creatures (others)
  18 fungi (D:10)
  18 plants (D:10)
  5 withered plants (Ossuary)
41 creatures vanquished.

Grand Total: 303 creatures vanquished

Notes
Turn   | Place    | Note
-------+----------+-------------------------------------------
     0 | D:1      | Kranky the Octopode Fighter began the quest for the Orb.
     0 | D:1      | Reached XP level 1. HP: 16/16 MP: 1/1
    35 | D:1      | Reached skill level 1 in Stealth
   121 | D:1      | Reached XP level 2. HP: 18/21 MP: 2/2
   438 | D:1      | Reached XP level 3. HP: 26/26 MP: 3/3
   484 | D:1      | Found a faded altar of an unknown god.
   508 | D:1      | Found Feamput's Armour Emporium.
   859 | D:2      | Noticed Terence
   871 | D:2      | Killed Terence
   872 | D:2      | Reached XP level 4. HP: 10/33 MP: 4/4
  1158 | D:2      | Reached skill level 5 in Fighting
  1158 | D:2      | Reached XP level 5. HP: 28/39 MP: 5/5
  1338 | D:2      | Identified the +7 war axe of the Silent Majority {spect,
                  | rElec rC- rN++ Will+}
  1420 | D:2      | You fall into a shaft and drop 2 floors!
  1512 | D:3      | Noticed an ogre
  1518 | D:3      | Killed an ogre
  1519 | D:3      | Reached XP level 6. HP: 20/46 MP: 6/6
  1758 | D:3      | Noticed Ijyb
  1763 | D:3      | Killed Ijyb
  2538 | D:3      | Noticed a water moccasin
  2730 | D:4      | Noticed a necrophage
  2737 | D:4      | Killed a necrophage
  2738 | D:4      | Reached XP level 7. HP: 53/53 MP: 7/7
  2969 | D:4      | Identified the +4 hunting sling "Puoschupt" {vorpal, Drain
                  | Fragile rCorr Str+8}
  2984 | D:4      | Found a stormy altar of Qazlal.
  3289 | D:5      | Entered Level 5 of the Dungeon
  3298 | D:5      | Noticed Eustachio
  3312 | D:5      | Killed Eustachio
  3369 | D:5      | Noticed Blork the orc
  3374 | D:5      | Killed Blork the orc
  3428 | D:5      | Found a sand-covered staircase.
  3434 | Ossuary  | Entered an ossuary
  3452 | Ossuary  | Reached XP level 8. HP: 43/61 MP: 8/8
  3457 | Ossuary  | Reached skill level 5 in Dodging
  3518 | Ossuary  | Reached skill level 5 in Shields
  4025 | Ossuary  | Reached XP level 9. HP: 66/66 MP: 9/9
  4088 | Ossuary  | Reached skill level 1 in Axes
  5227 | D:6      | Found a glowing drain.
  5243 | Sewer    | Entered a sewer
  5427 | Sewer    | Found a viscous altar of Jiyva.
  5820 | D:6      | Found a staircase to the Ecumenical Temple.
  5841 | Temple   | Entered the Ecumenical Temple
  6065 | Temple   | Became a worshipper of Warmaster Okawaru
  6111 | D:6      | Reached skill level 5 in Axes
  6415 | D:7      | Noticed Duvessa
  6416 | D:7      | Noticed Dowan
  6421 | D:7      | Killed Duvessa
  6429 | D:7      | Killed Dowan
  6661 | D:7      | Noticed Maggie
  6669 | D:7      | Killed Maggie
  6669 | D:7      | Reached * piety under Okawaru
  6670 | D:7      | Reached XP level 10. HP: 67/74 MP: 10/10
  6918 | D:7      | Noticed Harold
  6928 | D:7      | Killed Harold
  6928 | D:7      | Reached ** piety under Okawaru
  7709 | D:8      | Noticed a two-headed ogre
  7718 | D:8      | Killed a two-headed ogre
  7980 | D:8      | Noticed a two-headed ogre
  7991 | D:8      | Killed a two-headed ogre
  7991 | D:8      | Reached *** piety under Okawaru
  8390 | D:8      | Reached XP level 11. HP: 77/81 MP: 11/11
  8948 | D:9      | Found a glowing golden altar of the Shining One.
  8948 | D:9      | Found a blossoming altar of Fedhas.
  8964 | D:9      | Reached skill level 10 in Axes
  8975 | D:9      | Reached skill level 10 in Fighting
  9062 | D:9      | Noticed a two-headed ogre
  9148 | D:9      | Killed a two-headed ogre
  9148 | D:9      | Reached **** piety under Okawaru
  9149 | D:9      | Reached skill level 1 in Evocations
  9329 | D:9      | Found the +2 cloak of the Thief {*Fog Slay-2 SInv Stlth+}
  9466 | D:10     | Entered Level 10 of the Dungeon
  9494 | D:10     | Found a staircase to the Lair.
  9494 | D:10     | Noticed Joseph
  9505 | D:10     | Killed Joseph
  9508 | D:10     | HP: 2/81 [water moccasin (8)]
  9524 | D:10     | HP: 4/81 [poisoned by a water moccasin]
  9524 | D:10     | Slain by a water moccasin

Illustrated notes

Levels and vault maps discovered:
D:1:      ncdulo_wetmaze, layout_rooms, hellmonk_ecumenical_altar_run_dry,
          serial_shops, nicolae_diamond_shop
D:2:      layout_rooms, uniq_terence
D:3:      minmay_razor_zed, layout_rooms, uniq_ijyb
D:4:      layout_loops_cross, amcnicky_altar_gilded
D:5:      layout_loops_ring, nicolae_ossuary_entry_plus, minmay_statues_item,
          uniq_blork_the_orc, uniq_eustachio
D:6:      layout_gridville, temple_statues, gup_sewer_entry_glass,
          serial_bayou_pond_d
D:7:      layout_loops_ring, minmay_door_square, st_stairs_5, water_maze_lemuel,
          uniq_harold, uniq_duvessa, uniq_maggie
D:8:      layout_basic
D:9:      layout_rooms, grunt_temple_overflow_open
D:10:     layout_basic, due_lair_maze_entry_diamond, uniq_joseph
Temple:   mainiacjoe_temple_bowtie_tessellation

Skill      XL: |  1  2  3  4  5  6  7  8  9 10 11 |
---------------+----------------------------------+-----
Stealth        | 1 2 3 |  3.0
Fighting       | 4 5 6 7 8 9 10 | 10.0
Dodging        | 4 6 |  6.0
Shields        | 4 6 7 8 |  8.0
Axes           | 6 9 10 | 10.9
Evocations     | 4 |  4.4
Maces & Flails | |  2.0

Action                   |  1- 3 |  4- 6 |  7- 9 | 10-12 || total
-------------------------+-------+-------+-------+-------++-------
Melee: Flail             |    59 |    19 |       |       ||    78
       Tentacles         |    13 |    13 |    38 |    37 ||   101
       Constrict         |    19 |    19 |    40 |    35 ||   113
       War axe           |       |    47 |   145 |   112 ||   304
       Punch             |       |       |     4 |     2 ||     6
Invok: Heroism           |       |       |       |     1 ||     1
Evoke: Wand              |       |       |       |     3 ||     3
  Use: Scroll            |       |       |     4 |     1 ||     5
       Potion            |       |       |       |     1 ||     1
 Stab: Sleeping          |     8 |    16 |    14 |     4 ||    42
       Distracted        |       |       |     2 |     3 ||     5
       Paralysed         |       |       |       |     6 ||     6
Armor: Skin              |     7 |     6 |     6 |    10 ||    29
Dodge: Dodged            |    33 |    27 |    56 |    63 ||   179
Block: Buckler           |    21 |     8 |    22 |    35 ||    86
